 Dungeon Crawl Stone Soup version 0.23-a0-175-g97aacdb306 (webtiles) character file.

8 Holzbalken the Cudgeler (level 2, 0/22 HPs)
             Began as a Demonspawn Gladiator on Sept 16, 2018.
             Slain by a rat (3 damage)
             ... on level 2 of the Dungeon.
             The game lasted 00:01:12 (249 turns).

Holzbalken the Cudgeler (Demonspawn Gladiator)       Turns: 249, Time: 00:01:12

Health: 0/22       AC:  4    Str: 14    XL:     2   Next: 0%
Magic:  2/2        EV: 13    Int:  9    God:
Gold:   10         SH:  0    Dex: 16    Spells: 1/1 levels left

rFire    . . .     SeeInvis .   a - +0 flail
rCold    . . .     Gourm    .   (no shield)
rNeg     . . .     Faith    .   b - +0 leather armour
rPois    .         Spirit   .   c - +0 helmet
rElec    .         Reflect  .   (no cloak)
rCorr    .         Harm     .   (no gloves)
MR       .....                  (no boots)
Stlth    ++........             (no amulet)
HPRegen  0.07/turn              (no ring)
MPRegen  0.08/turn              (no ring)

@: no status effects
A: thin skeletal structure 1
a: no special abilities


You were on level 2 of the Dungeon.
You were not hungry.

You visited 1 branch of the dungeon, and saw 2 of its levels.

You collected 10 gold pieces.

Inventory:

Hand Weapons
 a - a +0 flail (weapon)
Missiles
 d - 3 throwing nets (quivered)
Armour
 b - a +0 leather armour (worn)
 c - a +0 helmet (worn)
Scrolls
 e - a scroll of amnesia {unknown}
 h - a scroll of immolation {unknown}
 i - a scroll of fog {unknown}
Comestibles
 f - a ration
 g - 3 chunks of flesh


   Skills:
 - Level 2.0 Fighting
 + Level 3.2 Maces & Flails
 - Level 1.7 Throwing
 - Level 2.6 Dodging


You had one spell level left.
You didn't know any spells.
Your spell library was empty.

Dungeon Overview and Level Annotations

Branches:
Dungeon (2/15)

Altars:


Innate Abilities, Weirdness & Mutations

You have a somewhat thin skeletal structure. (Dex +2, Stealth)


Message History

The rat completely misses you. The hobgoblin completely misses you.
The quokka twitches its whiskers.
The rat closely misses you. The hobgoblin hits you with a club.
The rat bites you but does no damage. The hobgoblin barely misses you.
The rat misses you. The hobgoblin misses you. The rat bites you.
The hobgoblin hits you with a club.
* * * LOW HITPOINT WARNING * * *
The rat closely misses you. The hobgoblin barely misses you.
The rat twitches its whiskers.
The rat bites you.
* * * LOW HITPOINT WARNING * * *
The hobgoblin hits you but does no damage.
The rat misses you. The hobgoblin barely misses you. The rat barely misses you.
The hobgoblin misses you. The rat bites you but does no damage.
The hobgoblin hits you with a club.
* * * LOW HITPOINT WARNING * * *
The rat bites you but does no damage. The rat misses you.
The hobgoblin barely misses you. The rat bites you.
You die...

### #.# # ## #.#
.# ####.###@#
.##. #......gr#
.... ........r#
.# ......##.##
......##.#
#.....##.#
#.....##.# #
#.....##.###.#
#............###


You could see a quokka, a hobgoblin and a rat.

Vanquished Creatures
  An ooze (D:1)
  A goblin (D:1)
  A kobold (D:1)
  2 bats (D:1)
5 creatures vanquished.

Notes
Turn   | Place    | Note
-------+----------+-------------------------------------------
     0 | D:1      | Holzbalken the Demonspawn Gladiator began the quest for the
                  | Orb.
     0 | D:1      | Reached XP level 1. HP: 16/16 MP: 1/1
    77 | D:1      | Reached skill level 3 in Maces & Flails
    97 | D:1      | Gained mutation: You have a somewhat thin skeletal
                  | structure. (Dex +2, Stealth) [demonic ancestry]
    97 | D:1      | Reached XP level 2. HP: 22/22 MP: 2/2
   249 | D:2      | Slain by a rat

Vault maps used:
D:1:      dpeg_arrival_three_same_balls, serial_bayou_pond_a
D:2:      zin_statuary, overflow_temple_1_default, first_ration,
          kennysheep_another_room

Skill      XL: |  1 |
---------------+----+-----
Maces & Flails | 3 |  3.2
Fighting       | |  2.0
Throwing       | |  1.7
Dodging        | |  2.6

Action                   || total
-------------------------++-------
Melee: Flail             ||    23
Armor: Leather armour    ||    37
Dodge: Dodged            ||    72

Table legend:
 A = Non-vault XP
 B = Vault XP
 C = Vault XP percentage of total XP
 D = Non-vault monster count
 E = Vault monster count
 F = Vault count percentage of total count
                 A         B        C        D         E       F
            +---------+---------+-------+---------+---------+-------
      Total |      12 |       0 |   0.0 |       5 |       0 |   0.0
            +---------+---------+-------+---------+---------+-------
        D:1 |      12 |       0 |   0.0 |       5 |       0 |   0.0
            +---------+---------+-------+---------+---------+-------
